 Dungeon Crawl Stone Soup version 0.20.1-1-g8b1a95d (webtiles) character file.

103754 aspa the Eclecticist (level 16, -6/109 HPs)
             Began as an Octopode Wizard on Aug 31, 2017.
             Was a High Priest of Sif Muna.
             Mangled by an Executioner (9 damage)
             ... on level 3 of the Abyss on Sept 2, 2017.
             The game lasted 04:10:57 (43332 turns).

aspa the Eclecticist (Octopode Wizard)             Turns: 43332, Time: 04:10:58

Health: -6/109     AC:  3    Str:  6    XL:     16   Next: 36%
Magic:  22/39      EV: 13    Int: 31    God:    Sif Muna [*****.]
Gold:   1625       SH:  6    Dex: 11    Spells: 9/53 levels left

rFire    + . .     SeeInvis .   M - +1 rapier "Bioqa" {elec, rPois rC+ Dex-3} (curse)
rCold    + + .     Gourm    .   h - +2 buckler of the Wumpus {rPois rN++ MP-9 Dex+3}
rNeg     + + .     Faith    .   E - +2 hat
rPois    +         Spirit   .   (no amulet)
rElec    .         Reflect  .   q - ring of magical power
rCorr    +         Harm     .   t - ring of resist corrosion
MR       +....     Clarity  +   y - +6 ring of intelligence
Stlth    +++++.....             (no ring)
Regen    0.3/turn               C - ring of protection from fire
MPRegen  0.3/turn               (no ring)
                                (no ring)
                                (no ring)

@: about to teleport, very slightly contaminated
A: almost no armour, stealthy swim, amphibious, 8 rings, constrict 8, camouflage
1, clarity, cold resistance 1, dopey 1, poison resistance, gelatinous body 1,
evolution 1
a: Divine Energy, Channel Magic, Forget Spell, Renounce Religion


You were on level 3 of the Abyss.
You worshipped Sif Muna.
Sif Muna was extremely pleased with you.
You were very hungry.

You visited 5 branches of the dungeon, and saw 24 of its levels.
You visited the Abyss 1 time.
You also visited: Volcano.

You collected 2465 gold pieces.
You spent 840 gold pieces at shops.

Inventory:

Hand Weapons
 a - a +2 mace of protection
 b - a +2 trident of pain
 f - a +0 great sword of flaming
 j - a +1 great mace of holy wrath
 k - a +0 eveningstar of flaming
 v - a +0 scimitar of flaming
 D - a +1 glaive of flaming
 M - the cursed +1 rapier "Bioqa" (weapon) {elec, rPois rC+ Dex-3}
   (You found it on level 14 of the Dungeon)

   Occasionally, upon striking a foe, it will discharge some electrical energy
   and cause terrible harm.
   It affects your dexterity (-3).
   It protects you from cold.
   It protects you from poison.
   It has a curse placed upon it.
Armour
 h - the +2 buckler of the Wumpus (worn) {rPois rN++ MP-9 Dex+3}
   (You found it on level 1 of the Lair of Beasts)

   It affects your dexterity (+3).
   It protects you from poison.
   It greatly protects you from negative energy.
   It affects your magic capacity (-9).
 E - a +2 hat (worn)
Magical Staves
 O - an uncursed staff of poison {unknown}
Jewellery
 q - a ring of magical power (left tentacle)
 t - a ring of resist corrosion (right tentacle)
 y - a +6 ring of intelligence (on tentacle)
 C - a ring of protection from fire (on tentacle)
Wands
 d - a wand of polymorph (17/24)
 o - a wand of lightning (2/15)
 I - a wand of acid (11/15)
 N - a wand of disintegration (12/24)
 P - a wand of disintegration (12/24)
 W - a wand of iceblast (0/15)
Scrolls
 e - 15 scrolls of identify
 l - a scroll of blinking
 r - 5 scrolls of remove curse
 u - 5 scrolls of teleportation
 z - 2 scrolls of holy word
 J - 3 scrolls of fear
 Q - a scroll of enchant armour
Potions
 c - 3 potions of cancellation
 i - 6 potions of heal wounds
 m - 5 potions of curing
 n - a potion of might
 p - 5 potions of ambrosia
 s - a potion of berserk rage
 x - 2 potions of haste
 K - a potion of agility
 L - 3 potions of brilliance
 V - a potion of flight
Books
 B - Sif Muna's Collected Works on Creative Conjuration
   (Sif Muna gifted it to you on level 5 of the Lair of Beasts)

   Spells                             Type                      Level
   a - Dazzling Spray                 Conjuration/Hexes            3
   b - Call Canine Familiar           Summoning                    3
   c - Monstrous Menagerie            Summoning                    7
   d - Malign Gateway                 Summoning/Translocation      7
   e - Fire Storm                     Conjuration/Fire             9
 G - a book of the Tempests

   Spells                             Type                      Level
   a - Static Discharge               Conjuration/Air              3
   b - Lightning Bolt                 Conjuration/Air              5
   c - Ignition                       Fire                         8
   d - Tornado                        Air                          9
   e - Shatter                        Earth                        9
 H - a book of Necromancy

   Spells                             Type                      Level
   a - Pain                           Necromancy                   1
   b - Animate Skeleton               Necromancy                   1
   c - Vampiric Draining              Necromancy                   3
   d - Regeneration                   Charms/Necromancy            3
   e - Animate Dead                   Necromancy                   4
   f - Control Undead                 Necromancy                   4
Miscellaneous
 F - a box of beasts
Comestibles
 g - 15 fruits
 w - 2 meat rations
 A - 2 bread rations


   Skills:
 - Level 10.1 Fighting
 - Level 2.0 Dodging
 - Level 7.8 Stealth
 - Level 4.0 Shields
 + Level 19.0 Spellcasting
 - Level 8.3 Conjurations
 - Level 5.0 Summonings
 * Level 3.5 Translocations
 - Level 5.0 Fire Magic
 - Level 9.1 Earth Magic


You had 9 spell levels left.
You knew the following spells:

 Your Spells              Type           Power        Failure   Level  Hunger
a - Magic Dart            Conj           ####         1%          1    None
b - Call Imp              Summ           ######..     1%          2    None
c - Mephitic Cloud        Conj/Pois/Air  #####...     1%          3    None
d - Blink                 Tloc           N/A          1%          2    None
e - Slow                  Hex            ####....     1%          2    None
f - Conjure Flame         Conj/Fire      ######..     1%          3    None
g - Summon Forest         Summ/Tloc      ######....   6%          5    None
h - Summon Guardian Gole  Hex/Summ       #####...     1%          3    None
i - Summon Lightning Spi  Summ/Air       #####...     4%          4    None
j - Iskenderun's Mystic   Conj           ######..     1%          4    None
k - Bolt of Magma         Conj/Fire/Erth ######....   1%          5    None
l - Fireball              Conj/Fire      ######....   2%          5    None
m - Summon Butterflies    Summ           ######..     1%          1    None
n - Apportation           Tloc           ######       1%          1    None
o - Regeneration          Chrm/Necr      ####......   3%          3    None


Dungeon Overview and Level Annotations

Branches:
Dungeon (14/15)            Temple (1/1) D:5            Lair (6/6) D:8
  Swamp (1/4) Lair:2       Spider (0/4) Lair:4        Slime (0/5) Lair:6
    Orc (2/2) D:9             Elf (0/3) Orc:2        Vaults (0/5) D:13

Altars:
Ashenzari
Cheibriados
Dithmenos
Elyvilon
Fedhas
Gozag
Hepliaklqana
Kikubaaqudgha
Makhleb
Nemelex Xobeh
Okawaru
Qazlal
Ru
Sif Muna
Trog
Uskayaw
Vehumet
Xom
Yredelemnul
Zin
The Shining One
Beogh

Shops:
D:11 !*?[   D:13 %   Orc:2 !:?(

Portals:
Pandemonium: Orc:2

Annotations:
D:9 1 runed door, exclusion: 4 orange crystal statues
Swamp:1 Louise


Innate Abilities, Weirdness & Mutations

You cannot wear most types of armour.
You are very stealthy in the water. (Stealth+)
You are amphibious.
You can wear up to eight rings at the same time.
You can use your tentacles to constrict eight enemies at once.
Your skin changes colour to match your surroundings (Stealth+).
Your rubbery body absorbs attacks. (AC +1, EV +1)
You possess an exceptional clarity of mind.
Your flesh is cold resistant. (rC+)
You are dopey. (Int -2)
Your system is resistant to poisons. (rPois)
You evolve.


Message History

Casting: Blink
Confirm with . or Enter, or press ? or * to list all spells.
You blink.
The Executioner closely misses you. x3; The Executioner hits you!
The Executioner hits you but does no damage.
You block the Executioner's attack.
Casting: Blink
Confirm with . or Enter, or press ? or * to list all spells.
You blink.
The Executioner gestures at you. Pain shoots through your body!
The Executioner misses you. The Executioner hits you.
The Executioner hits you! x2
* * * LOW HITPOINT WARNING * * *
You block the Executioner's attack. The Executioner hits you!
* * * LOW HITPOINT WARNING * * *
Casting: Blink
Confirm with . or Enter, or press ? or * to list all spells.
You blink.
The Executioner hits you!!
* * * LOW HITPOINT WARNING * * *
The Executioner misses you. The Executioner hits you!
You die...

#...##### #.
#.#.#.#
##..§.#
#.##.#### #
#.#..#.#.# .#
#......###..#
#####...#..#
#....#....#
##..@1#.###
##...§###
##.......#..
..
#...##.....§..
#.#....####...
##..#.#.#. ###
#..#.#...#
##....#.#.# #
.#...#. #


You could see an Executioner.

Vanquished Creatures
  Donald (Orc:2)
  A stone giant (Orc:1)
  A dire elephant (Lair:6)
  The ghost of bgiannan the Protected, a journeyman MiFi of Cheibriados (Volcano)
  Snorg (Lair:4)
  An ogre mage (Orc:1)
  7 vault guards
  3 hydras
  2 catoblepae (Lair:6)
  3 centaur warriors
  8 two-headed ogres
  A deep troll shaman (Lair:6)
  5 death yaks (Lair:6)
  2 tengu warriors (D:14)
  Sonja (Orc:2)
  5 orc high priests (Orc:2)
  Nergalle (Lair:4)
  A soul eater (Orc:2)
  2 skeletal warriors (D:13)
  A wizard (D:14)
  A salamander mystic (Volcano)
  2 unseen horrors (D:13)
  4 orc knights (Orc:2)
  2 swamp dragons (Swamp:1)
  An ugly thing (D:11)
  3 salamanders (Volcano)
  A cyclops (D:14)
  6 orc sorcerers (Orc:2)
  A manticore (shapeshifter) (D:13)
  A worldbinder (Abyss:3)
  16 elephants (Lair:6)
  A moth of wrath (shapeshifter) (D:7)
  2 molten gargoyles (Volcano)
  A black mamba (Lair:5)
  Psyche (D:8)
  11 spiny frogs
  A smoke demon (Orc:2)
  A gargoyle (D:12)
  The ghost of CalmDownMonkey the Spear-Bearer, a novice MfGl (D:5)
  An efreet (D:13)
  9 komodo dragons
  A tengu conjurer (D:14)
  A red devil (Abyss:2)
  5 trolls
  3 jumping spiders (Lair:4)
  A hornet (D:12)
  5 polar bears
  A meliai zombie (D:14)
  Grinder (D:5)
  A bog body (Swamp:1)
  Prince Ribbit (D:8)
  4 dream sheep (Lair:6)
  6 blink frogs
  11 hippogriffs
  A redback (Lair:4)
  2 basilisks (Lair:5)
  A shadow (Swamp:1)
  27 yaks
  2 fire bats (Volcano)
  4 wraiths
  5 wyverns
  A ynoxinul (Orc:2)
  4 hungry ghosts
  A hog (D:13)
  A neqoxec (Orc:2)
  5 vampire mosquitoes
  2 wargs
  A swamp worm (Swamp:1)
  A soldier ant (D:11)
  14 water moccasins
  6 porcupines
  25 orc warriors
  2 phantoms
  A black bear (D:12)
  9 sky beasts
  4 ice beasts
  2 swamp drakes (Swamp:1)
  2 eyes of draining
  14 ogres
  9 centaurs
  3 wolves (Lair:6)
  9 crocodiles
  A big kobold (D:12)
  Blork the orc (D:4)
  14 bullfrogs
  3 scorpions
  A wyvern skeleton (D:12)
  3 killer bees (D:12)
  8 wights
  5 howler monkeys
  6 jellies
  3 electric eels
  7 crimson imps
  3 centaur zombies
  3 quasits (D:12)
  5 hounds
  7 lava snakes (Volcano)
  Crazy Yiuf (D:7)
  A gnoll shaman (D:5)
  19 orc priests
  2 bullfrog skeletons
  20 orc wizards
  2 centaur skeletons
  5 iguanas
  15 worker ants
  5 hound zombies
  2 worker ant zombies
  14 gnolls
  15 adders
  4 shadow imps
  2 adder zombies
  3 oozes (Lair:6)
  An adder skeleton (D:4)
  4 worms
  A dart slug (D:5)
  3 leopard geckos
  76 orcs
  10 bats
  5 giant cockroaches
  3 goblins
  4 hobgoblins
  17 jackals
  8 quokkas
  A ball python (D:1)
  5 frilled lizards
  A jackal zombie (D:6)
  14 kobolds
  A leopard gecko zombie (D:1)
  A quokka zombie (D:8)
  11 rats
  A plant (Lair:6)
661 creatures vanquished.

Vanquished Creatures (collateral kills)
  Saint Roka (Orc:2)
  Rupert (Lair:4)
  A red draconian (Volcano)
  A vault guard (D:13)
  Josephine (Lair:4)
  A centaur warrior (D:11)
  A catoblepas (D:14)
  2 hydras
  2 death yaks
  2 torturous demonspawn (Orc:2)
  A salamander (Volcano)
  A cyclops (Orc:2)
  Joseph (D:7)
  A smoke demon (Orc:2)
  2 efreet (D:13)
  The ghost of Frank the Sneak, a novice OpMo (D:4)
  A polar bear (Lair:4)
  A tyrant leech (Lair:2)
  2 blink frogs (Lair:4)
  2 dream sheep (Lair:6)
  2 wraiths (Lair:4)
  A human (D:13)
  4 yaks
  2 basilisks (Lair:5)
  A warg (Orc:1)
  2 vampire mosquitoes
  2 water moccasins
  A porcupine (Lair:5)
  3 orc warriors
  A black bear (D:10)
  A wolf (Lair:6)
  A scorpion (D:11)
  2 wights (D:13)
  A jelly (D:14)
  4 orc priests
  3 orc wizards
  An iguana (D:12)
  Ijyb (D:3)
  2 worker ants
  2 adders (D:2)
  3 orcs
  2 bushes
  5 fungi
  5 plants
78 creatures vanquished.

Vanquished Creatures (others)
  A torpor snail (Lair:3)
  A yak (Lair:3)
  A wyvern skeleton (D:11)
  A jelly (D:8)
  3 bushes
  23 fungi
  33 plants
  3 snaplasher vines
66 creatures vanquished.

Grand Total: 805 creatures vanquished

Notes
Turn   | Place    | Note
-------+----------+-------------------------------------------
     0 | D:1      | aspa the Octopode Wizard began the quest for the Orb.
     0 | D:1      | Reached XP level 1. HP: 11/11 MP: 4/4
   215 | D:1      | Reached XP level 2. HP: 17/17 MP: 3/6
   219 | D:1      | Learned a level 2 spell: Call Imp
  1045 | D:1      | Reached XP level 3. HP: 21/21 MP: 6/8
  1050 | D:1      | Learned a level 3 spell: Mephitic Cloud
  1053 | D:1      | Learned a level 2 spell: Blink
  1155 | D:2      | Gained mutation: Your system is resistant to poisons. (rPois) [potion of mutation]
  1155 | D:2      | Gained mutation: Your flesh is cold resistant. (rC+) [potion of mutation]
  1159 | D:2      | Reached skill level 4 in Spellcasting
  1736 | D:2      | Found a burning altar of Makhleb.
  1736 | D:2      | Noticed a blizzard demon
  1740 | D:2      | Noticed a neqoxec
  1740 | D:2      | Noticed a hellwing
  1751 | D:2      | Reached XP level 4. HP: 27/27 MP: 6/10
  1757 | D:2      | Learned a level 2 spell: Slow
  1987 | D:2      | Found a deep blue altar of Sif Muna.
  1993 | D:2      | Became a worshipper of Sif Muna the Loreminder
  2474 | D:3      | Found a shimmering altar of Xom.
  2543 | D:3      | Noticed Ijyb
  2570 | D:3      | Killed Ijyb
  2570 | D:3      | Reached XP level 5. HP: 16/31 MP: 0/12
  2579 | D:3      | Learned a level 3 spell: Conjure Flame
  3068 | D:4      | Noticed Frank's ghost (novice OpMo)
  3107 | D:4      | Killed Frank's ghost
  3107 | D:4      | Reached skill level 5 in Spellcasting
  3107 | D:4      | Reached XP level 6. HP: 36/36 MP: 11/14
  3120 | D:4      | Reached * piety under Sif Muna
  3122 | D:4      | Reached skill level 6 in Spellcasting
  3238 | D:4      | Reached XP level 7. HP: 39/41 MP: 12/16
  3276 | D:4      | Found a shattered altar of Ashenzari.
  3302 | D:4      | Noticed Blork the orc
  3320 | D:4      | Killed Blork the orc
  3333 | D:5      | Entered Level 5 of the Dungeon
  3592 | D:4      | Found a shimmering altar of Xom.
  3700 | D:4      | Reached skill level 7 in Spellcasting
  4201 | D:5      | Found a staircase to the Ecumenical Temple.
  4215 | D:5      | Reached XP level 8. HP: 46/46 MP: 19/19
  4223 | Temple   | Entered the Ecumenical Temple
  4348 | D:5      | Reached skill level 8 in Spellcasting
  4353 | D:5      | Gained mutation: You possess an exceptional clarity of mind. [mutagenic meat]
  4392 | D:5      | Noticed Grinder
  4403 | D:5      | Killed Grinder
  4403 | D:5      | Reached ** piety under Sif Muna
  4467 | D:5      | Noticed CalmDownMonkey's ghost (novice MfGl)
  4489 | D:5      | Killed CalmDownMonkey's ghost
  4489 | D:5      | Reached skill level 9 in Spellcasting
  5204 | D:5      | Reached XP level 9. HP: 51/51 MP: 9/22
  5204 | D:5      | Reached skill level 10 in Spellcasting
  5543 | D:6      | Reached skill level 1 in Fighting
  6945 | D:6      | Found a snail-covered altar of Cheibriados.
  6967 | D:6      | Found a glowing golden altar of the Shining One.
  6971 | D:6      | Found a glowing silver altar of Zin.
  6995 | D:6      | Found a stormy altar of Qazlal.
  7004 | D:6      | Reached *** piety under Sif Muna
  7383 | D:7      | Noticed Joseph
  7511 | D:7      | Reached skill level 5 in Fighting
  7588 | D:7      | Found a sacrificial altar of Ru.
  7865 | D:7      | Killed Joseph
  8013 | D:7      | Found a runed door.
  8187 | D:7      | Noticed Crazy Yiuf
  8198 | D:7      | Killed Crazy Yiuf
  8467 | D:8      | Noticed Prince Ribbit
  8481 | D:8      | Killed Prince Ribbit
  8604 | D:8      | Found a sparkling altar of Nemelex Xobeh.
  8608 | D:8      | Found a staircase to the Lair.
  8627 | D:8      | Noticed Psyche
  8634 | D:8      | Noticed Pikel
  8644 | D:8      | Noticed Pikel
  8644 | D:8      | Pikel changed into Pikel the shapeshifter
  8645 | D:8      | Noticed Pikel
  8645 | D:8      | Pikel the shapeshifter changed into Pikel the guardian serpent
  8680 | D:7      | Noticed Pikel
  8680 | D:7      | Pikel the guardian serpent changed into Pikel the moth of wrath
  8685 | D:7      | Killed Pikel the moth of wrath
  8685 | D:7      | Reached XP level 10. HP: 44/72 MP: 9/24
  8829 | D:8      | Killed Psyche
  9740 | D:9      | Found a runed door.
  9740 | D:9      | Found a runed door.
  9740 | D:9      | Noticed an orange crystal statue
  9740 | D:9      | Noticed an orange crystal statue
  9740 | D:9      | Noticed an orange crystal statue
  9740 | D:9      | Noticed an orange crystal statue
  9994 | D:9      | Noticed a two-headed ogre
 10017 | D:9      | Killed a two-headed ogre
 10141 | D:9      | Found a white marble altar of Elyvilon.
 10210 | D:10     | Entered Level 10 of the Dungeon
 10232 | D:9      | Reached skill level 10 in Fighting
 10261 | D:10     | Noticed a two-headed ogre
 10953 | D:9      | Found a staircase to the Orcish Mines.
 11055 | D:9      | Found an iron altar of Okawaru.
 11122 | D:9      | Learned a level 4 spell: Summon Ice Beast
 11126 | D:9      | Learned a level 3 spell: Summon Guardian Golem
 11470 | D:11     | Found Doto's Magic Scroll Emporium.
 11485 | D:11     | Found Jifed's General Store.
 12288 | D:10     | Noticed a two-headed ogre
 12303 | D:10     | Killed a two-headed ogre
 12303 | D:10     | Reached **** piety under Sif Muna
 12303 | D:10     | Reached skill level 11 in Spellcasting
 12303 | D:10     | Reached XP level 11. HP: 54/81 MP: 10/26
 12438 | D:10     | Killed a two-headed ogre
 12720 | D:10     | Learned a level 4 spell: Summon Lightning Spire
 12870 | D:10     | Noticed a two-headed ogre
 12895 | D:10     | Killed a two-headed ogre
 13002 | D:10     | Reached skill level 12 in Spellcasting
 13776 | Temple   | Reached ***** piety under Sif Muna
 13776 | Temple   | Identified Ruem's Disquisition on Stones and Combat Magic (Sif Muna gifted it to you in the Ecumenical Temple)
 13776 | Temple   | Received a gift from Sif Muna
 13776 | Temple   | Reached XP level 12. HP: 87/87 MP: 28/28
 13783 | Temple   | Learned a level 4 spell: Iskenderun's Mystic Blast
 13789 | Temple   | Learned a level 5 spell: Bolt of Magma
 13917 | Lair:1   | Entered Level 1 of the Lair of Beasts
 14385 | Lair:1   | Got a heavily runed buckler
 14391 | Lair:1   | Identified the +2 buckler of the Wumpus {rPois rN++ MP-9 Dex+3} (You found it on level 1 of the Lair of Beasts)
 14946 | Lair:2   | Found a shattered altar of Ashenzari.
 15799 | Lair:2   | Found a staircase to the Swamp.
 16637 | Lair:3   | Reached skill level 1 in Shields
 16701 | Lair:3   | Reached skill level 5 in Summonings
 17481 | Lair:3   | Reached skill level 13 in Spellcasting
 17884 | Lair:2   | Reached skill level 1 in Fire Magic
 17884 | Lair:2   | Reached XP level 13. HP: 92/92 MP: 16/30
 18098 | Lair:4   | Found a hole to the Spider Nest.
 18161 | Lair:4   | Reached skill level 1 in Earth Magic
 18311 | Lair:4   | Noticed Nergalle
 19579 | Lair:4   | Found a shattered altar of Ashenzari.
 19580 | Lair:4   | Noticed Rupert
 19611 | Lair:4   | Noticed Snorg
 19846 | Lair:4   | Learned a level 5 spell: Fireball
 19913 | Lair:4   | Noticed Josephine
 20218 | D:11     | Received a gift from Sif Muna
 20220 | D:11     | Identified Sif Muna's Volume of Icy Hexes (Sif Muna gifted it to you on level 11 of the Dungeon)
 20479 | D:11     | Found Peud's Distillery.
 20489 | D:11     | Bought a potion of haste for 160 gold pieces
 20489 | D:11     | Bought a potion of berserk rage for 80 gold pieces
 20577 | D:11     | Reached skill level 14 in Spellcasting
 20740 | D:11     | Found Ywuos's Antique Armour Boutique.
 23584 | D:13     | Found a gate to the Vaults.
 23584 | D:13     | Noticed a vault guard
 23584 | D:13     | Noticed a vault guard
 23584 | D:13     | Noticed a vault guard
 23585 | D:13     | Noticed a vault guard
 23585 | D:13     | Noticed a vault guard
 23602 | D:13     | Killed a vault guard
 23979 | Orc:1    | Entered Level 1 of the Orcish Mines
 24085 | Orc:1    | Found a roughly hewn altar of Beogh.
 24405 | Orc:1    | Found a bloodstained altar of Trog.
 24405 | Orc:1    | Noticed an ogre mage
 24410 | Orc:1    | Killed an ogre mage
 24643 | Orc:1    | Noticed a stone giant
 24801 | Orc:1    | Found a roughly hewn altar of Beogh.
 24845 | Orc:1    | Killed a stone giant
 24845 | Orc:1    | Reached skill level 5 in Fire Magic
 25196 | Orc:2    | Entered Level 2 of the Orcish Mines
 25240 | Orc:2    | Noticed Saint Roka
 25440 | Orc:2    | Noticed Donald
 25489 | Orc:2    | Identified Meblear's Papyrus of Dusty Orientation (Sif Muna gifted it to you on level 2 of the Orcish Mines)
 25489 | Orc:2    | Received a gift from Sif Muna
 25493 | Orc:2    | Killed Saint Roka
 25493 | Orc:2    | Reached skill level 15 in Spellcasting
 25493 | Orc:2    | Reached XP level 14. HP: 35/99 MP: 1/33
 25977 | Orc:2    | Found Pehom's Magic Scroll Shop.
 26322 | Orc:2    | Found Qacimp's Distillery.
 26590 | Orc:2    | Reached skill level 5 in Earth Magic
 27158 | Orc:2    | Found a staircase to the Elven Halls.
 27295 | Orc:2    | Noticed Sonja
 27300 | Orc:2    | Killed Sonja
 27526 | Orc:2    | Killed Donald
 28042 | Orc:2    | Gained mutation: You are dopey. (Int -2) [a neqoxec]
 28550 | Orc:2    | Reached skill level 16 in Spellcasting
 28730 | Orc:2    | Identified Sif Muna's Reference Book on Creative Stolen Souls (Sif Muna gifted it to you on level 2 of the Orcish Mines)
 28730 | Orc:2    | Received a gift from Sif Muna
 29157 | Orc:2    | Noticed a stone giant
 29617 | Orc:2    | Found Iruqim's Book Emporium.
 29617 | Orc:2    | Found Xunodgh's Antique Weapon Shoppe.
 29618 | Orc:2    | Found a one-way gate leading to the halls of Pandemonium.
 29624 | Orc:2    | Bought a book of Party Tricks for 600 gold pieces
 29626 | Orc:2    | Learned a level 1 spell: Summon Butterflies
 29905 | Temple   | Learned a level 1 spell: Apportation
 31445 | D:13     | Reached XP level 15. HP: 91/103 MP: 16/35
 32641 | D:14     | Got a jewelled rapier
 32642 | D:14     | Identified the cursed +1 rapier "Bioqa" {elec, rPois rC+ Dex-3} (You found it on level 14 of the Dungeon)
 32765 | D:14     | Identified Sif Muna's Papyrus of the Unholy Entourage (Sif Muna gifted it to you on level 14 of the Dungeon)
 32765 | D:14     | Received a gift from Sif Muna
 32765 | D:14     | Reached skill level 17 in Spellcasting
 33621 | D:13     | Found Moedacoa's Food Shop.
 34458 | Temple   | Learned a level 5 spell: Summon Forest
 34804 | Lair:4   | Killed Nergalle
 34966 | Lair:4   | Killed Josephine
 35176 | Lair:4   | Killed Snorg
 35482 | Lair:4   | Paralysed by Rupert for 7 turns
 35770 | Lair:4   | Killed Rupert
 36063 | Lair:5   | Found a dark tunnel.
 36076 | Volcano  | Entered a volcano
 36105 | Volcano  | Noticed bgiannan's ghost (journeyman MiFi)
 36123 | Volcano  | Killed bgiannan's ghost
 36661 | Volcano  | Found a bloodstained altar of Trog.
 38076 | Lair:5   | Identified Sif Muna's Collected Works on Creative Conjuration (Sif Muna gifted it to you on level 5 of the Lair of Beasts)
 38076 | Lair:5   | Received a gift from Sif Muna
 38253 | Lair:5   | Reached skill level 18 in Spellcasting
 38627 | Lair:6   | Entered Level 6 of the Lair of Beasts
 39392 | Lair:6   | Learned a level 3 spell: Regeneration
 40034 | Lair:6   | Found a staircase to the Slime Pits.
 40177 | Lair:6   | Reached XP level 16. HP: 109/109 MP: 5/38
 42248 | Swamp:1  | Entered Level 1 of the Swamp
 42668 | Swamp:1  | Reached skill level 19 in Spellcasting
 42759 | Swamp:1  | Received a gift from Sif Muna
 42875 | Swamp:1  | Noticed Louise
 43005 | Swamp:1  | Cast into level 2 of the Abyss (Louise)
 43005 | Abyss:2  | Found a roughly hewn altar of Beogh.
 43324 | Abyss:3  | Noticed an Executioner
 43325 | Abyss:3  | Gained mutation: You evolve. [a neqoxec]
 43332 | Abyss:3  | HP: 3/109 [Executioner (20)]
 43332 | Abyss:3  | Mangled by an Executioner

Skill      XL: |  1  2  3  4  5  6  7  8  9 10 11 12 13 14 15 16 |
---------------+-------------------------------------------------+-----
Spellcasting   | 4 5 6 7 9 10 11 12 13 15 16 18 19 | 19.0
Conjurations   | 2 3 4 8 |  8.3
Fighting       | 8 10 | 10.1
Summonings     | 2 3 5 |  5.0
Stealth        | 7 |  7.8
Shields        | 4 |  4.0
Fire Magic     | 1 5 |  5.0
Earth Magic    | 4 7 9 |  9.1
Translocations | 3 |  3.5
Dodging        | |  2.0

Action                   |  1- 3 |  4- 6 |  7- 9 | 10-12 | 13-15 | 16-18 || total
-------------------------+-------+-------+-------+-------+-------+-------++-------
Melee: Unarmed           |     5 |       |       |       |       |       ||     5
       Constrict         |     5 |     6 |    14 |    27 |    26 |     2 ||    80
       Tentacles         |     2 |     4 |    10 |    22 |    14 |       ||    52
       Hand axe          |    16 |    27 |     7 |    65 |    56 |       ||   171
       Spear             |       |       |    96 |    81 |     7 |       ||   184
       Trident           |       |       |       |       |    15 |       ||    15
       Rapier            |       |       |       |       |    45 |     8 ||    53
       Mace              |       |       |       |       |     8 |       ||     8
 Cast: Magic Dart        |    69 |    96 |   259 |   346 |   216 |    13 ||   999
       Call Imp          |     5 |     6 |    11 |    11 |     1 |       ||    34
       Mephitic Cloud    |       |     1 |    29 |    41 |    32 |       ||   103
       Conjure Flame     |       |     2 |    28 |    40 |    23 |       ||    93
       Blink             |       |       |     7 |     4 |    22 |     7 ||    40
       Summon Guardian G |       |       |       |     7 |    19 |       ||    26
       Slow              |       |       |       |     1 |       |       ||     1
       Summon Lightning  |       |       |       |     1 |    32 |     4 ||    37
       Iskenderun's Myst |       |       |       |    74 |   332 |    46 ||   452
       Summon Ice Beast  |       |       |       |     7 |    47 |       ||    54
       Fireball          |       |       |       |       |    61 |     5 ||    66
       Bolt of Magma     |       |       |       |       |   185 |    62 ||   247
       Summon Butterflie |       |       |       |       |     7 |     5 ||    12
       Summon Forest     |       |       |       |       |    13 |     4 ||    17
Evoke: Wand              |       |       |     8 |     1 |    20 |     3 ||    32
  Use: Potion            |     2 |       |     1 |    10 |     7 |       ||    20
       Scroll            |       |       |     6 |     5 |    23 |     2 ||    36
 Stab: Sleeping          |     1 |     3 |     2 |     3 |     4 |       ||    13
       Paralysed         |       |       |     3 |       |       |       ||     3
       Confused          |       |       |     2 |     2 |     2 |       ||     6
  Eat: Chunk             |     1 |     6 |    15 |    29 |    50 |     7 ||   108
       Fruit             |       |       |     3 |       |     7 |     1 ||    11
       Meat ration       |       |       |       |       |     1 |       ||     1
       Bread ration      |       |       |       |       |     1 |       ||     1
       Royal jelly       |       |       |       |       |     1 |       ||     1
Armor: Skin              |     2 |     4 |     2 |     8 |    15 |     3 ||    34
Dodge: Dodged            |    17 |    17 |    32 |    73 |   109 |    20 ||   268
Block: Buckler           |       |       |       |     6 |    64 |    10 ||    80
